 Dungeon Crawl Stone Soup version 0.27.0-1-g7a089689b8 (webtiles) character file.

Game seed: 11711457321678719058

178 ChiliTurd the Ducker (level 5, -5/35 HPs)
             Began as a Djinni Hedge Wizard on Aug 1, 2021.
             Killed by divine providence
             ... invoked by an orc priest
              (14 damage)
             ... on level 4 of the Dungeon on Aug 2, 2021.
             The game lasted 00:31:40 (5445 turns).

ChiliTurd the Ducker (Djinni Hedge Wizard)          Turns: 5445, Time: 00:31:40

Health: -5/35      AC:  3    Str:  9    XL:     5   Next: 89%
Gold:   154        EV: 27    Int: 16    God:
                   SH:  0    Dex: 13

rFire    + + .     SeeInvis .   j - +2 whip (drain)
rCold    x . .     Faith    .   (no shield)
rNeg     . . .     Spirit   .   f - +0 leather armour
rPois    ∞         Reflect  .   c - +0 hat
rElec    .         Harm     .   (no cloak)
rCorr    .         Rampage  .   (no gloves)
Will     .....                  (boots unavailable)
Stlth    ++........             p - amulet of the acrobat
HPRegen  0.11/turn              (no ring)
MPRegen  0.00/turn              (no ring)

@: acrobatic, flying
A: sickness immunity, fire resistance 2, cold vulnerability 1, float, innate
caster, hp casting, extra vitality 1
a: no special abilities


You were on level 4 of the Dungeon.
You visited 1 branch of the dungeon, and saw 4 of its levels.

You collected 154 gold pieces.

Inventory:

Hand Weapons
 a - a +0 dagger
 j - a +2 whip of draining (weapon)
Armour
 b - a +0 robe
 c - a +0 hat (worn)
 f - a +0 leather armour (worn)
Magical Staves
 q - a staff of earth
Jewellery
 l - an amulet of reflection
 p - an amulet of the acrobat (around neck)
Scrolls
 d - 2 scrolls of immolation {unknown}
 g - a scroll of enchant weapon {unknown}
 h - a scroll of identify {unknown}
 i - a scroll of fog {unknown}
 n - a scroll of blinking {unknown}
 r - a scroll of acquirement {unknown}
Potions
 e - a potion of attraction {unknown}
 k - a potion of brilliance {unknown}
 m - a potion of ambrosia {unknown}
 o - a potion of mutation {unknown}


   Skills:
 + Level 1.6 Maces & Flails
 + Level 3.4 Dodging
 + Level 2.7 Stealth
 + Level 3.3 Spellcasting


You couldn't memorise any spells.
You knew the following spells:

 Your Spells              Type           Power      Damage    Failure   Level
a - Magic Dart            Conj           52%        1d5       6%          1
b - Blink                 Tloc           N/A        N/A       10%         2
c - Call Imp              Summ           13%        N/A       10%         2
d - Slow                  Hex            13%        N/A       10%         2
e - Conjure Flame         Conj/Fire      13%        6-21      19%         3
f - Mephitic Cloud        Conj/Pois/Air  13%        N/A       19%         3
g - Shock                 Conj/Air       52%        1d6       6%          1
h - Poisonous Vapours     Pois/Air       26%        N/A       10%         2
Your spell library was empty.

Dungeon Overview and Level Annotations

Branches:
Dungeon (4/15)
 Temple: D:4-7

Altars:

Shops:
D:1 *   D:3 *


Innate Abilities, Weirdness & Mutations

You are immune to sickness and miasma.
You are immune to poison.
Your flesh is very heat resistant. (rF++)
You are vulnerable to cold. (rC-)
You float through the air rather than walking.
You learn spells naturally, not from books.
Your magical power is your life essence.
You have superior vitality. (+4 HP)


Message History

The magic dart hits the orc priest.
The orc priest is lightly wounded.
The orc priest hits you with a +0 falchion.
You miscast Magic Dart.
You are very lightly contaminated with residual magic.
Nothing appears to happen.
The orc priest misses you.
A hobgoblin comes into view.
The magic dart hits the orc priest.
The orc priest is moderately wounded.
The hobgoblin shouts!
The orc priest hits you with a +0 falchion.
The magic dart hits the orc priest but does no damage.
The orc priest is moderately wounded.
The orc priest misses you.
The magic dart hits the orc priest.
The orc priest is heavily wounded.
The orc priest hits you with a +0 falchion.
Casting: Magic Dart (safe; 6% risk of failure)
Confirm with . or Enter, or press ? or * to list all spells.
Aiming: Shock (safe; 6% risk of failure)
Press: ? - help, Shift-Dir - straight line, f/p - orc priest
Aim: an orc priest, wielding a +0 falchion and wearing a +0 leather armour (heavily wounded, 68% to hit)
The zap hits the orc priest but does no damage.
The orc priest is heavily wounded.
The zap hits the orc.
You kill the orc!
The zap misses the orc priest.
* * * LOW HITPOINT WARNING * * *
The orc priest closely misses you.
Casting: Shock (safe; 6% risk of failure)
Confirm with . or Enter, or press ? or * to list all spells.
You blink.
* * * LOW HITPOINT WARNING * * *
The hobgoblin closely misses you. The orc misses you.
The hobgoblin barely misses you.
Your magical contamination has completely faded away.
Found 9 stones.
The orc priest invokes the aid of Beogh against you.
Beogh smites you!
You die...

# .. .#.#....# . # ..#
.#.....#.# #
...##......#.# #
...........# #
..........# #
#.......# # #.....# #
#@g..# # #.o.o# #
#(#...#############
..#.#.).§...........
.....##..#############
........#.#
..........#
###########


You could see an orc priest, an orc and a hobgoblin.

Vanquished Creatures
  A jelly (D:4)
  An orc priest (D:3)
  2 adders
  6 worms
  A dart slug (D:3)
  9 orcs
  8 endoplasms
  3 giant cockroaches
  3 goblins
  4 hobgoblins
  4 kobolds
  7 quokkas
  3 ball pythons
  5 bats
  3 frilled lizards (D:3)
  5 rats
65 creatures vanquished.

Vanquished Creatures (collateral kills)
  A worm (D:3)
  An orc (D:3)
2 creatures vanquished.

Grand Total: 67 creatures vanquished

Notes
Turn   | Place    | Note
-------+----------+-------------------------------------------
     0 | D:1      | ChiliTurd the Djinni Hedge Wizard began the quest for the
                  | Orb.
     0 | D:1      | Reached XP level 1. HP: 15/15 MP: 0/0
   326 | D:1      | Reached XP level 2. HP: 17/21 MP: 0/0
   719 | D:1      | Found Gelatyu's General Store.
  1459 | D:2      | Reached XP level 3. HP: 22/25 MP: 0/0
  1459 | D:2      | Learned a level 1 spell: Shock
  2414 | D:2      | Reached XP level 4. HP: 26/31 MP: 0/0
  2955 | D:3      | Found Vitsaunt's General Store.
  3522 | D:3      | Reached skill level 1 in Maces & Flails
  4218 | D:3      | Reached XP level 5. HP: 26/35 MP: 0/0
  4218 | D:3      | Learned a level 2 spell: Poisonous Vapours
  5445 | D:4      | Killed from afar by an orc priest

Illustrated notes

Levels and vault maps discovered:
D:1:      nicolae_arrival_washed_ashore, layout_loops_ring, serial_shops, shop,
          minmay_misc_feat_tiny, patterned_corridor
D:2:      layout_rooms, serial_co_window_serial, co_window_corner_a,
          co_window_corner_a, co_window_paths_b, co_window_paths_b,
          co_window_of_opportunity_a, co_window_corner_cb, co_window_corner_b,
          co_window_2corner, co_window_cross_4, co_window_corner_b,
          co_window_paths_c, co_window_broadway_c, co_window_4corner_b,
          glass_columns_a, glass_columns_a
D:3:      layout_loops_corners, serial_shops, shop_statue
D:4:      layout_loops_ring, fedhas_altar_4, minmay_misc_feat_secret_circle,
          st_stairs_10, grunt_ministairs_7

Skill      XL: |  1  2  3  4 |
---------------+-------------+-----
Stealth        | 2 |  2.7
Spellcasting   | 3 |  3.3
Maces & Flails | 1 |  1.6
Dodging        | 3 |  3.4

Action                   |  1- 3 |  4- 6 || total
-------------------------+-------+-------++-------
Melee: Dagger            |     3 |       ||     3
       Whip              |    13 |     5 ||    18
 Cast: Magic Dart        |    70 |   105 ||   175
       Shock             |     1 |    10 ||    11
       Call Imp          |     1 |     6 ||     7
       Blink             |       |     3 ||     3
       Conjure Flame     |       |     1 ||     1
       Slow              |       |     1 ||     1
       Poisonous Vapours |       |     1 ||     1
Armor: Robe              |     3 |       ||     3
       Leather armour    |     1 |    10 ||    11
Dodge: Dodged            |    13 |    31 ||    44
